 Dungeon Crawl Stone Soup version 0.29.1-15-g9cfb28693d (webtiles) character file.

Game seed: 9694575867223998391

315 sweetbreads the Digger (level 6, 0/35 HPs)
             Began as a Gargoyle Earth Elementalist on Apr 25, 2023.
             Slain by a wraith (8 damage)
             ... on level 5 of the Dungeon.
             The game lasted 00:13:13 (4640 turns).

sweetbreads the Digger (GrEE)                       Turns: 4640, Time: 00:13:14

Health: 0/35       AC:  9    Str: 12    XL:     6   Next: 43%
Magic:  3/9        EV: 12    Int: 17    God:
Gold:   67         SH:  0    Dex: 10    Spells: 1/9 levels left

rFire   . . .      SeeInvis .   b - +1 dagger (venom)
rCold   . . .      Faith    .   (no shield)
rNeg    + . .      Spirit   .   o - +0 robe
rPois   ∞          Reflect  .   (no helmet)
rElec   +          Harm     .   w - +2 cloak
rCorr   .          Rampage  .   (no gloves)
Will    .....                   (no boots)
Stlth   ++........              (no amulet)
HPRegen 0.11/turn               (no ring)
MPRegen 0.11/turn               (no ring)

@: slowed, very slow
A: sickness immunity, AC +4, negative energy resistance 1, electricity
resistance, torment resistance 1, petrification resistance
a: no special abilities


You were on level 5 of the Dungeon.
You visited 1 branch of the dungeon, and saw 5 of its levels.

You collected 223 gold pieces.
You spent 156 gold pieces at shops.

Inventory:

Hand Weapons
 a - a +0 mace of protection
 b - a +1 dagger of venom (weapon)
 u - a +1 vorpal flail
Armour
 o - a +0 robe (worn)
 w - a +2 cloak (worn)
 z - an orb of energy
Magical Staves
 p - a staff of conjuration
Jewellery
 e - a ring of positive energy
 t - an amulet of guardian spirit
Wands
 y - a wand of charming (7)
Scrolls
 g - a scroll of torment {unknown}
 h - a scroll of enchant armour {unknown}
 j - 2 scrolls of fear
 n - a scroll of noise {unknown}
 q - 3 scrolls of teleportation
 r - 3 scrolls of identify
 x - a scroll of poison {unknown}
 A - a scroll of magic mapping {unknown}
 B - a scroll of butterflies {unknown}
Potions
 c - 2 potions of flight {unknown}
 d - 2 potions of resistance {unknown}
 f - 2 potions of heal wounds {unknown}
 i - a potion of might {unknown}
 k - a potion of invisibility {unknown}
 l - 2 potions of lignification {unknown}
 m - 3 potions of curing {unknown}
 s - a potion of magic
 v - a potion of berserk rage {unknown}


   Skills:
 * Level 2.1 Fighting
 * Level 2.4 Dodging
 * Level 3.4 Stealth
 - Level 2.0 Spellcasting
 * Level 2.0 Conjurations
 * Level 1.7 Transmutations
 + Level 5.9 Earth Magic


You had one spell level left.
You knew the following spells:

 Your Spells              Type           Power      Damage    Failure   Level
a - Sandblast             Erth           42%        2d11      1%          1
b - Stone Arrow           Conj/Erth      30%        3d8       11%         3
c - Petrify               Tmut/Erth      14%        N/A       36%         4

Your spell library contained the following spells:

 Spells                   Type           Power      Damage    Failure   Level
 Passwall                 Tmut/Erth      11%        N/A       6%          2
 Poisonous Vapours        Pois/Air       2%         N/A       28%         2
 Corpse Rot               Necr/Pois/Air  1%         N/A       88%         4


Dungeon Overview and Level Annotations

Branches:
Dungeon (5/15)             Temple (0/1) D:4

Altars:
Gozag

Shops:
D:3 =   D:4 [?:(*

Annotations:
D:3 1 runed translucent door, kmckee's ghost, amateur MiFi
D:4 3 runed translucent doors, ineptsparrow's ghost, amateur HOMo


Innate Abilities, Weirdness & Mutations

You are immune to sickness and miasma.
Your stone body is resilient. (AC +4)
You are immune to poison.
You resist negative energy. (rN+)
You are resistant to electric shocks. (rElec)
You are resistant to unholy torment.
You are immune to petrification.


Message History

The blast of sand hits the wraith but does no damage.
The wraith hits you. The wraith drains your vigour!
You feel yourself slow down.
Unknown command.
Casting: Sandblast (safe; 1% risk of failure)
Confirm with . or Enter, or press ? or * to list all spells.
Aiming: Sandblast (safe; 1% risk of failure)
Press: ? - help, Shift-Dir - straight line, f/p - wraith
Aim: a wraith (83% to hit)
The blast of sand hits the wraith but does no damage.
The wraith hits you! The wraith hits you but does no damage.
Unknown command.
Casting: Sandblast (safe; 1% risk of failure)
Confirm with . or Enter, or press ? or * to list all spells.
Aiming: Sandblast (safe; 1% risk of failure)
Press: ? - help, Shift-Dir - straight line, f/p - wraith
Aim: a wraith (83% to hit)
The blast of sand hits the wraith but does no damage.
The wraith hits you!
* * * LOW HITPOINT WARNING * * *
The wraith drains your vigour!
You feel as though you will be slow longer.
The wraith barely misses you.
Casting: Sandblast (safe; 1% risk of failure)
Confirm with . or Enter, or press ? or * to list all spells.
Aiming: Sandblast (safe; 1% risk of failure)
Press: ? - help, Shift-Dir - straight line, f/p - wraith
Aim: a wraith (83% to hit)
The blast of sand hits the wraith but does no damage.
The wraith closely misses you. The wraith hits you but does no damage.
Unknown command.
Casting: Sandblast (safe; 1% risk of failure)
Confirm with . or Enter, or press ? or * to list all spells.
Aiming: Sandblast (safe; 1% risk of failure)
Press: ? - help, Shift-Dir - straight line, f/p - wraith
Aim: a wraith (83% to hit)
The blast of sand hits the wraith!
The wraith is moderately damaged.
The wraith hits you!
You die...

#........# #........#
#........# ...
#....o...##. #.#
#...)..o.... ..#
#.......# #.# #
#..o>...# # #.#.#
####.######.##.#.#
#..oW@........#
..#######o###.#.#[#####
#.............#.o<)...#
#####.......#.#.###.#
#.#.##......###.###
#.#.......##......#
#.#######.##.##.#.# #.#
# ##.##.#.#### #.#
....#.....


You could see a wraith, an orc wizard and an orc.

Vanquished Creatures
  A phantom (D:3)
  2 orc wizards (D:5)
  3 gnolls
  6 adders
  4 worms
  2 dart slugs
  11 orcs
  4 bats
  6 endoplasms
  A giant cockroach (D:1)
  3 goblins
  4 hobgoblins
  15 jackals
  5 quokkas
  5 ball pythons
  2 frilled lizards
  8 kobolds
  4 rats
86 creatures vanquished.

Notes
Turn   | Place    | Note
-------+----------+-------------------------------------------
     0 | D:1      | sweetbreads the Gargoyle Earth Elementalist began the quest
                  | for the Orb.
     0 | D:1      | Reached XP level 1. HP: 10/10 MP: 3/3
   125 | D:1      | Reached skill level 1 in Transmutations
   125 | D:1      | Reached XP level 2. HP: 9/16 MP: 0/5
   427 | D:1      | Reached skill level 4 in Earth Magic
   696 | D:1      | Reached XP level 3. HP: 20/20 MP: 4/6
  1277 | D:1      | Reached skill level 1 in Fighting
  1460 | D:1      | Reached skill level 1 in Conjurations
  1600 | D:3      | Reached XP level 4. HP: 21/25 MP: 3/7
  1610 | D:2      | Learned a level 3 spell: Stone Arrow
  2212 | D:2      | Reached skill level 5 in Earth Magic
  2315 | D:2      | Reached XP level 5. HP: 29/29 MP: 6/8
  2320 | D:2      | Learned a level 4 spell: Petrify
  2603 | D:3      | Noticed a phantom
  2621 | D:3      | Killed a phantom
  2895 | D:3      | Found a runed translucent door.
  2900 | D:3      | Noticed kmckee's ghost (amateur MiFi)
  2906 | D:4      | Found Xefual's Armour Shoppe.
  2956 | D:3      | Reached XP level 6. HP: 35/35 MP: 7/9
  3112 | D:3      | Found Diumeil's Jewellery Boutique.
  3380 | D:4      | Found Utucs's General Store.
  3391 | D:4      | Found Umev's Magic Scroll Shoppe.
  3402 | D:4      | Bought a scroll of identify for 26 gold pieces
  3402 | D:4      | Bought a scroll of teleportation for 39 gold pieces
  3410 | D:4      | Found Zicaruas's Antique Weapon Shoppe.
  3496 | D:4      | Found an opulent altar of Gozag.
  3527 | D:4      | Bought a scroll of fear for 52 gold pieces
  3527 | D:4      | Bought a scroll of teleportation for 39 gold pieces
  3622 | D:4      | Found a runed translucent gate.
  3623 | D:4      | Found a runed translucent gate.
  3624 | D:4      | Found a runed translucent gate.
  3624 | D:4      | Noticed ineptsparrow's ghost (amateur HOMo)
  3624 | D:4      | Identified the +6 spear of Annihilation {vorpal, Fragile
                  | rElec rF++ rC+}
  3624 | D:4      | Identified the +0 leather armour of the Ditch-Digger {-Tele
                  | rPois rN++ Slay+5}
  3627 | D:4      | Noticed an orc warrior
  3673 | D:4      | You fall into a shaft and drop 1 floor!
  3673 | D:5      | Entered Level 5 of the Dungeon
  4202 | D:4      | Found a staircase to the Ecumenical Temple.
  4219 | D:4      | Found Soebb's Book Boutique.
  4623 | D:5      | Noticed a wraith
  4640 | D:5      | Slain by a wraith

Illustrated notes

Levels and vault maps discovered:
D:1:      minmay_arrival_wavy_path, layout_basic
D:2:      layout_loops_ring, minmay_misc_feat_four_crosses,
          minmay_misc_feat_tiny
D:3:      minmay_angry_zag, layout_loops_ring, serial_shops,
          nicolae_shop_behind_doors, ebering_ghost_reflecting_pool
D:4:      layout_loops_ring, mainiacjoe_overflow_catwalk,
          minmay_temple_entry_hall, serial_shops, nicolae_shop_hallway_stairs,
          shop, nicolae_diamond_shop, nicolae_shop_hallway_stairs,
          nicolae_stop_n_shop_2, biasface_ghost_orc_armoury, solitary_fountain,
          small_statue_intersection, chequers_jeans
D:5:      layout_loops_cross

Skill      XL: |  1  2  3  4  5  6 |
---------------+-------------------+-----
Transmutations | 1 |  1.7
Earth Magic    | 4 5 |  5.9
Fighting       | 1 2 |  2.1
Conjurations   | 1 2 |  2.0
Dodging        | 2 |  2.4
Stealth        | 3 |  3.4
Spellcasting   | |  2.0

Action                   |  1- 3 |  4- 6 || total
-------------------------+-------+-------++-------
Melee: Unarmed           |     9 |       ||     9
 Cast: Sandblast         |    47 |    98 ||   145
Armor: Robe              |    25 |    19 ||    44
Dodge: Dodged            |    41 |    39 ||    80
